 Dungeon Crawl Stone Soup version 0.31-a0-841-g038b102fc3 (webtiles) character file.

Game seed: 9912325780443376393

49 Kurtz the Chopper (level 3, -1/26 HPs)
             Began as an Octopode Fighter on Sept 27, 2023.
             Slain by an adder (3 damage)
             ... on level 2 of the Dungeon.
             The game lasted 00:00:51 (980 turns).

Kurtz the Chopper (Octopode Fighter)                 Turns: 980, Time: 00:00:52

Health: -1/26      AC:  3    Str: 17    XL:     3   Next: 75%
Magic:  3/3        EV: 12    Int: 10    God:
Gold:   34         SH:  8    Dex: 11    Spells: 2/2 levels left

rFire   . . .        a - +0 war axe
rCold   . . .        j - +0 kite shield
rNeg    . . .        k - +2 hat
rPois   .            (no amulet)
rElec   .            f - +4 ring of slaying
rCorr   .            (no ring)
SInv    .            (no ring)
Will    .....        (no ring)
Stlth   ++           (no ring)
HPRegen 0.24/turn    (no ring)
MPRegen 0.08/turn    (no ring)
                     (no ring)

%: no passive effects
@: brilliant, lethally poisoned (-1 -> -6), attractive, hasted, very quick
A: almost no armour, amphibious, 8 rings, camouflage 1, gelatinous body 1,
(nimble swimmer 1), tentacles
a: no special abilities


You were on level 2 of the Dungeon.
You visited 1 branch of the dungeon, and saw 2 of its levels.

You collected 34 gold pieces.

Inventory:

Hand Weapons
 a - a +0 war axe (weapon)
Missiles
 m - 6 javelins
Armour
 b - a +0 buckler
 j - a +0 kite shield (worn)
 k - a +2 hat (worn)
Jewellery
 f - a +4 ring of slaying (left tentacle)
Scrolls
 g - a scroll of enchant weapon {unknown}
 h - a scroll of vulnerability {unknown}
 l - a scroll of teleportation {unknown}
Potions
 c - a potion of might
 e - a potion of attraction
 i - a potion of haste


   Skills:
 - Level 3.0 Fighting
 * Level 4.0 Axes
 - Level 3.0 Dodging
 - Level 3.0 Shields


You had 2 spell levels left.
You didn't know any spells.
Your spell library was empty.

Dungeon Overview and Level Annotations

Branches:
Dungeon (2/15)

Altars:


Innate Abilities, Weirdness & Mutations

You cannot wear most types of armour.
You are amphibious.
You can wear up to eight rings at the same time.
Your skin changes colour to match your surroundings (Stealth+).
Your rubbery body absorbs attacks. (AC +1, EV +1)
((You are camouflaged when in or above water. (Stealth+)))
You have tentacles for arms and can constrict up to eight enemies at once.


Message History

a +0 flail; a gnoll corpse 2 gnolls and an adder come into view.
The gnoll shouts! x2; The adder hisses angrily.
There are monsters nearby!
You hit the gnoll. You grab the gnoll.
The gnoll is lightly wounded.
You constrict the gnoll, but do no damage.
The gnoll completely misses you.
There are monsters nearby!
You slash the gnoll!
The gnoll is almost dead.
You constrict the gnoll.
You kill the gnoll!
You block the gnoll's attack. The adder bites you.
Your Axes skill increases to level 4!
You miss the adder. Your grab misses the adder. You slash the gnoll!
The adder barely misses you. The gnoll hits you with a +0 flail!
The adder bites you.
You are poisoned.
The adder poisons you!
You are too injured to fight recklessly!
You are too injured to fight recklessly!
Unknown command.
You are too injured to fight recklessly!
It was a potion of attraction.
You feel attractive to monsters.
You feel sick. You block the gnoll's attack. The adder bites you.
* * * LOW HITPOINT WARNING * * *
You are lethally poisoned!
The adder poisons you!
Unknown command.
It was a potion of haste.
You feel yourself speed up.
* * * LOW HITPOINT WARNING * * *
You feel sick. You block the adder's attack. The gnoll barely misses you.
Unknown command.
It was a potion of brilliance.
You feel clever all of a sudden.
* * * LOW HITPOINT WARNING * * *
You feel sick. The adder bites you.
You die...

#....... .#....# .#
.....# .# #..#.# .#
#..#.# .# #..#.# .#
##.>..# .## ##)....##
#######g.##
#.......###....)@...#
.........##.#...S....#
.........'.....>........
.........##)#...##..####
#.......###.##......#
##.....## #.###.###.#
##...## #.# #.# .#
##.... #.# #.# .# #.###
#..


You could see a gnoll and an adder.

Vanquished Creatures
  2 gnolls (D:2)
  2 bats (D:1)
  4 endoplasms
  5 goblins
  3 hobgoblins (D:1)
  A quokka (D:1)
  2 ball pythons (D:1)
  A frilled lizard (D:1)
  4 kobolds (D:1)
  2 rats (D:1)
26 creatures vanquished.

Notes
Turn   | Place    | Note
-------+----------+-------------------------------------------
     0 | D:1      | Kurtz the Octopode Fighter began the quest for the Orb.
     0 | D:1      | Reached XP level 1. HP: 16/16 MP: 1/1
   156 | D:1      | Reached XP level 2. HP: 21/21 MP: 2/2
   327 | D:1      | Reached skill level 3 in Axes
   598 | D:1      | Reached XP level 3. HP: 25/26 MP: 3/3
   977 | D:2      | Reached skill level 4 in Axes
   980 | D:2      | Slain by an adder

Illustrated notes

Levels and vault maps discovered:
D:1:      psy_arrival_statuary, layout_basic
D:2:      layout_loops_corners, kennysheep_generic_room_10

Skill      XL: |  1  2  3 |
---------------+----------+-----
Axes           | 3 4 |  4.0
Fighting       | |  3.0
Dodging        | |  3.0
Shields        | |  3.0

Action                     || total
---------------------------++-------
  Melee: War axe           ||    39
         Tentacles         ||     6
         Constrict         ||     7
    Use: Potion            ||     3
   Stab: Sleeping          ||     6
 Armour: Skin              ||    10
  Dodge: Dodged            ||    26
  Block: Buckler           ||     2
         Kite shield       ||     5

Table legend: (Time is in decaauts)
 A = Elapsed time spent in this place.
 B = Non-inter-level travel time spent in this place.
 C = Inter-level travel time spent in this place.
 D = Time resting spent in this place.
 E = Time spent auto-exploring this place.
 F = Levels seen in this place.
 G = Mean time per level.
                   A        B        C        D        E       F      G
               +--------+--------+--------+--------+--------+-----+--------+
         Total |    995 |    942 |     53 |     43 |    678 |   2 |  497.5 |
       Dungeon |    995 |    942 |     53 |     43 |    678 |   2 |  497.5 |
               +--------+--------+--------+--------+--------+-----+--------+

Top non-repeatable levels by time:
     D:1: 908 daAuts
     D:2: 87 daAuts
